Map: Reclamation LE

Players

ShipRiteMike - Winner!

  • Race: Zerg Zerg
  • League: Platinum
  • Spawn Location: 12:00

StickLane - Winner!

  • Race: Protoss Protoss
  • League: Diamond
  • Spawn Location: 11:00

BLuENiGhT

  • Race: Terran Terran
  • Spawn Location: 5:00

Duffman

  • Race: Terran Terran
  • Spawn Location: 6:00

VOD

Have the link to the VOD?

Description

Time

  • Played on: May 1, 2023, 8:16 p.m.
  • Length: 13:55
Show
View Real Time Build Order
Export as new Build Order

ShipRiteMike Zerg - Winner!

Build Orders: Hatch First 

Get SALT Encoding   

  12  0:00  Drone  
  13  0:12  Overlord  
  13  0:16  Drone  
  14  0:30  Drone x2  
  16  0:50  Hatchery  
  16  0:54  Drone  
  16  0:57  Drone  
  16  1:01  Drone  
  18  1:05  Extractor  
  17  1:19  Spawning Pool  
  17  1:22  Drone  
  17  1:28  Drone  
  17  1:30  Drone  
  20  1:40  Drone, Evolution Chamber  
  19  1:49  Drone  
  20  2:00  Drone  
  21  2:10  Zergling x2  
  21  2:12  Zergling x2  
  21  2:15  Zergling x2  
  24  2:23  Drone x2  
  26  2:36  Zerg Ground Armor Level 1  
  25  2:51  Zergling x6  
  27  3:03  Metabolic Boost  
  27  3:08  Drone  
  28  3:18  Overlord  
  28  3:25  Overlord  
  28  3:36  Queen x2  
  31  3:44  Drone x6  
  37  3:55  Drone  
  38  3:57  Drone  
  38  4:09  Hatchery  
  37  4:12  Overlord  
  37  4:16  Drone x3  
  40  4:21  Spore Crawler  
  40  4:23  Spine Crawler  
  38  4:29  Drone x2  
  40  4:36  Baneling Nest, Queen  
  41  4:41  Drone x2  
  43  4:50  Drone x6  
  49  4:54  Drone, Extractor  
  49  4:57  Drone  
  47  5:16  Drone x3  
  47  5:19  Drone  
  51  5:23  Lair  
  51  5:28  Extractor  
  50  5:29  Drone x3  
  50  5:32  Extractor  
  52  5:40  Drone x3  
  55  5:45  Drone  
  56  5:50  Drone x2  
  56  5:51  Spine Crawler  
  57  5:59  Drone  
  57  6:01  Overlord x2  
  58  6:07  Hatchery  
  57  6:12  Drone  
  57  6:15  Overlord  
  58  6:21  Drone x4  
  58  6:23  Queen  
  64  6:30  Queen  
  64  6:31  Queen  
  68  6:32  Centrifugal Hooks  
  68  6:35  Zergling x8  
  68  6:36  Zergling x2  
  73  6:43  Zergling x6  
  76  6:48  Extractor  
  76  6:49  Extractor  
  76  6:51  Zergling x2  
  76  6:52  Zergling x2  
  76  6:56  Baneling x6  
  76  6:59  Queen, Zerg Melee Weapons Level 1  
  78  7:04  Drone x3  
  78  7:06  Hydralisk Den, Queen  
  78  7:08  Hatchery  
  81  7:12  Zergling x2  
  82  7:29  Drone x6  
  88  7:38  Muscular Augments  
  88  7:40  Lurker Den  
  87  7:52  Pneumatized Carapace  
  87  7:53  Overlord x4  
  87  7:54  Overseer  
  87  7:57  Overseer  
  87  7:58  Overlord  
  87  8:00  Overlord  
  87  8:03  Zergling x2  
  87  8:04  Overlord x2  
  88  8:11  Drone x12, Queen  
  102  8:16  Zergling x8  
  102  8:17  Hatchery  
  105  8:20  Baneling x5  
  105  8:28  Zergling x8  
  109  8:36  Spore Crawler x2, Zergling x10  
  109  8:37  Spine Crawler  
  111  8:42  Zergling x8  
  111  8:43  Zergling x2  
  111  8:45  Zergling x8  
  120  8:49  Grooved Spines  
  120  8:53  Zerg Missile Weapons Level 1  
  109  8:58  Zergling x12  
  107  9:05  Zergling x4  
  107  9:06  Zergling x2  
  107  9:08  Zergling x2  
  107  9:09  Zergling x2  
  108  9:11  Zergling x6  
  108  9:15  Zergling x2  
  109  9:21  Baneling x5  
  109  9:22  Baneling  
  108  9:24  Zergling x6  
  108  9:25  Zergling x4  
  108  9:29  Drone x4  
  117  9:39  Drone x4  
  117  9:41  Drone  
  117  9:42  Evolution Chamber  
  117  9:45  Evolution Chamber  
  120  9:47  Zergling x2  
  121  9:53  Baneling x9  
  121  9:54  Baneling x6  
  121  10:12  Hydralisk x15  
  121  10:13  Hydralisk x2  
  155  10:31  Nydus Network  
  155  10:32  Hydralisk  
  155  10:33  Infestation Pit, Nydus Network, Hydralisk  
  156  10:51  Hydralisk  
  156  10:52  Hydralisk  
  156  10:53  Zergling x2  
  139  11:18  Zergling x6  
  129  11:19  Zergling x8  
  129  11:20  Zergling x12  
  129  11:21  Zergling x2  
  140  11:28  Hydralisk  
  140  11:29  Hydralisk  
  140  11:30  Zergling x2  
  134  11:44  Overlord x2  
  134  11:45  Overlord x3  
  134  11:52  Overlord x4  
  134  12:07  Extractor  
  133  12:08  Extractor  
  133  12:10  Infestor x5  
  142  12:16  Overseer x2  
  142  12:18  Overlord  
  142  12:19  Overlord x2  
  142  12:20  Hatchery  
  142  12:22  Spine Crawler x2  
  139  12:23  Spine Crawler  
  139  12:26  Lurker  
  139  12:32  Baneling x4  
  139  12:33  Baneling  
  139  12:52  Hydralisk x5  
  138  13:08  Nydus Canal  
  138  13:09  Nydus Canal, Hydralisk x2  
  128  13:13  Zergling x44  
  128  13:17  Zergling x2  
  145  13:27  Hydralisk x5  
  145  13:33  Zergling x8  
  162  13:48  Lurker  
Show
View Real Time Build Order
Export as new Build Order

StickLane Protoss - Winner!

Build Orders: 1 Gate Expand, Colossus Rush 

Get SALT Encoding   

  12  0:00  Probe  
  13  0:12  Probe  
  14  0:17  Pylon  
  14  0:24  Probe  
  15  0:36  Probe (Chrono Boost)  
  15  0:40  Gateway  
  16  0:48  Assimilator  
  16  0:49  Probe (Chrono Boost)  
  17  0:54  Probe (Chrono Boost)  
  18  1:03  Probe  
  19  1:15  Probe  
  20  1:25  Nexus  
  20  1:35  Cybernetics Core  
  20  1:42  Probe, Assimilator  
  21  1:55  Probe  
  21  1:57  Pylon  
  22  2:07  Probe  
  23  2:14  Stalker (Chrono Boost), Warp Gate  
  23  2:19  Probe  
  26  2:22  Shield Battery  
  26  2:31  Probe  
  27  2:37  Stalker, Probe  
  27  2:43  Probe  
  31  2:49  Probe  
  32  2:55  Probe, Gateway  
  33  2:59  Shield Battery  
  33  3:01  Probe  
  34  3:09  Probe  
  34  3:12  Pylon  
  35  3:13  Probe  
  36  3:22  Probe (Chrono Boost)  
  36  3:23  Robotics Facility  
  36  3:25  Probe (Chrono Boost)  
  38  3:31  Pylon  
  39  3:34  Probe (Chrono Boost)  
  39  3:38  Probe (Chrono Boost), Shield Battery  
  40  3:42  Probe (Chrono Boost)  
  40  3:43  Probe (Chrono Boost)  
  40  3:45  Pylon  
  40  3:48  Probe  
  42  3:52  Probe  
  44  4:00  Probe  
  45  4:03  Stalker x2  
  45  4:04  Probe  
  50  4:12  Probe  
  50  4:14  Assimilator  
  50  4:16  Probe  
  52  4:17  Robotics Bay, Assimilator  
  52  4:18  Observer  
  53  4:24  Probe  
  53  4:25  Gateway  
  53  4:28  Probe  
  55  4:36  Probe  
  56  4:39  Pylon  
  56  4:40  Probe  
  56  4:42  Stalker  
  56  4:43  Stalker  
  61  4:48  Probe  
  61  4:52  Probe, Pylon  
  63  5:00  Probe  
  63  5:02  Colossus (Chrono Boost)  
  63  5:04  Probe  
  71  5:13  Probe, Stalker x2  
  76  5:16  Probe  
  77  5:22  Nexus  
  77  5:25  Probe  
  77  5:27  Pylon  
  78  5:29  Probe  
  79  5:40  Stalker x3  
  86  5:46  Colossus  
  86  5:47  Pylon  
  91  5:52  Nexus  
  91  5:56  Shield Battery  
  91  5:57  Probe x2  
  93  6:09  Stalker x2, Probe x2  
  99  6:12  Stalker  
  100  6:27  Nexus  
  100  6:40  Probe, Observer (Chrono Boost), Pylon  
  100  6:44  Extended Thermal Lance (Chrono Boost)  
  100  6:46  Pylon  
  102  6:52  Pylon  
  102  6:53  Forge  
  102  6:58  Probe x2  
  102  6:59  Forge  
  104  7:03  Twilight Council  
  104  7:10  Probe x2, Colossus (Chrono Boost), Pylon  
  112  7:22  Probe x2  
  114  7:27  Photon Cannon  
  114  7:30  Photon Cannon  
  114  7:31  Pylon  
  114  7:34  Probe x2  
  114  7:35  Photon Cannon  
  116  7:39  Photon Cannon  
  116  7:42  Stalker x2  
  120  7:44  Photon Cannon  
  120  7:48  Pylon  
  120  7:50  Probe x3  
  123  7:54  Photon Cannon  
  123  7:56  Protoss Ground Weapons Level 1 (Chrono Boost)  
  123  7:57  Pylon  
  123  7:59  Assimilator, Blink  
  123  8:02  Probe (Chrono Boost), Assimilator  
  123  8:03  Probe x2 (Chrono Boost)  
  126  8:12  Probe x3 (Chrono Boost)  
  129  8:14  Protoss Ground Armor Level 1 (Chrono Boost)  
  129  8:15  Observer  
  130  8:23  Stalker x3, Probe  
  130  8:24  Probe  
  130  8:25  Probe  
  139  8:33  Unknown  
  139  8:35  Probe  
  139  8:36  Probe, Pylon, Observer  
  139  8:37  Probe  
  139  8:39  Shield Battery  
  143  8:48  Probe  
  144  8:49  Probe  
  145  8:57  Colossus (Chrono Boost)  
  111  9:17  Stalker x2  
  111  9:18  Stalker, Probe x3  
  120  9:28  Gateway  
  120  9:29  Gateway  
  120  9:30  Probe  
  120  9:31  Gateway  
  121  9:32  Gateway, Pylon  
  121  9:33  Gateway, Pylon  
  121  9:36  Pylon  
  121  9:41  Protoss Ground Weapons Level 2 (Chrono Boost)  
  121  9:44  Colossus (Chrono Boost)  
  127  9:53  Protoss Ground Armor Level 2 (Chrono Boost)  
  127  9:54  Nexus, Pylon  
  127  9:55  Gravitic Boosters  
  127  9:56  Pylon  
  127  9:58  Pylon  
  127  10:00  Charge (Chrono Boost)  
  127  10:01  Pylon  
  127  10:10  Templar Archives  
  127  10:19  Photon Cannon  
  127  10:21  Photon Cannon  
  127  10:24  Photon Cannon  
  127  10:25  Zealot x5  
  127  10:26  Photon Cannon  
  127  10:28  Photon Cannon  
  137  10:30  Photon Cannon, Zealot x3  
  137  10:31  Colossus (Chrono Boost)  
  137  10:32  Photon Cannon  
  149  10:36  Shield Battery  
  149  10:39  Shield Battery, Robotics Facility  
  149  10:42  Robotics Facility  
  149  10:43  Pylon  
  149  10:49  Zealot x4  
  157  10:50  Zealot x3  
  163  11:08  Immortal  
  163  11:10  Stalker x2  
  171  11:33  Stalker x8  
  171  11:38  Immortal x2  
  195  11:48  Immortal  
  195  11:52  Gateway x2  
  195  11:53  Gateway  
  199  11:56  Shield Battery, Gateway, Pylon  
  199  11:57  Photon Cannon  
  199  11:58  Photon Cannon, Psionic Storm  
  199  12:00  Photon Cannon  
  199  12:03  Pylon  
  199  12:04  Photon Cannon  
  199  12:19  Assimilator  
  199  12:21  Assimilator  
  193  13:12  Zealot  
  157  13:13  Zealot x11  
  157  13:14  Immortal (Chrono Boost)  
  157  13:15  Immortal (Chrono Boost)  
  157  13:19  Immortal (Chrono Boost)  
  141  13:32  High Templar  
  141  13:33  High Templar x11  
  159  13:37  Archon x3  
  159  13:38  Archon x2  
  159  13:39  Archon  
Show
View Real Time Build Order
Export as new Build Order

BLuENiGhT Terran 

Build Orders:  

Get SALT Encoding   

  12  0:00  SCV  
  13  0:12  SCV  
  14  0:18  Supply Depot  
  14  0:24  SCV  
  15  0:39  SCV  
  15  0:41  Barracks  
  16  0:49  Supply Depot  
  16  0:51  SCV  
  17  1:06  SCV  
  18  1:23  Command Center  
  18  1:30  Orbital Command  
  18  1:33  Marine  
  19  1:40  Refinery  
  19  1:45  Refinery  
  19  1:51  Marine  
  20  1:56  SCV  
  22  2:08  SCV  
  22  2:21  Barracks Tech Lab  
  22  2:22  Barracks  
  22  2:23  Barracks  
  22  2:24  SCV  
  23  2:36  SCV  
  24  2:38  Supply Depot  
  24  2:42  Marauder  
  26  2:48  SCV  
  27  2:52  Bunker  
  27  3:03  SCV, Factory  
  28  3:16  Orbital Command  
  28  3:19  SCV  
  29  3:28  Engineering Bay  
  29  3:32  SCV  
  30  3:34  Barracks Reactor  
  30  3:35  Barracks Tech Lab  
  30  3:44  SCV  
  31  3:50  Marauder  
  31  3:55  SCV  
  34  3:58  Supply Depot  
  34  4:01  Factory Tech Lab  
  34  4:06  Starport  
  34  4:10  Factory, Combat Shield  
  34  4:11  Marine  
  34  4:13  Marine  
  36  4:24  Supply Depot  
  36  4:28  Stimpack  
  36  4:35  Siege Tank  
  39  4:44  SCV x2  
  41  4:53  Starport Reactor  
  41  4:55  Factory Tech Lab  
  41  4:56  SCV x2  
  43  5:01  Refinery  
  42  5:08  SCV x2  
  42  5:12  Marine, Marauder  
  47  5:15  Marine x2  
  47  5:19  Siege Tank  
  52  5:24  Refinery  
  52  5:27  SCV x2  
  54  5:29  Marine  
  54  5:32  Marine  
  56  5:38  Medivac  
  56  5:39  SCV x2  
  56  5:41  Marine x2  
  62  5:46  Supply Depot  
  62  5:47  Marine  
  62  5:48  Supply Depot  
  63  5:50  Missile Turret, Marine  
  63  5:51  Missile Turret  
  63  5:56  Missile Turret  
  64  6:02  Missile Turret  
  64  6:06  Medivac  
  64  6:08  Medivac, Marine x2  
  71  6:13  Missile Turret  
  71  6:14  Terran Infantry Weapons Level 1  
  70  6:22  Engineering Bay  
  70  6:23  Missile Turret  
  70  6:25  Armory  
  70  6:28  Marine  
  70  6:29  Marine, Marauder  
  70  6:30  Marine  
  75  6:36  Liberator  
  75  6:39  SCV x2  
  80  6:46  Marine  
  80  6:47  Missile Turret  
  81  6:54  Command Center  
  81  7:08  Marine x2  
  81  7:09  Marine, Marauder  
  81  7:11  Terran Infantry Armor Level 1  
  81  7:14  Terran Vehicle Weapons Level 1  
  86  7:27  Supply Depot  
  86  7:28  Siege Tank x2, Marine  
  93  7:31  Supply Depot  
  93  7:46  Sensor Tower  
  93  7:49  Marauder x2  
  97  7:57  SCV x2  
  99  8:00  Sensor Tower  
  99  8:07  Sensor Tower  
  99  8:09  SCV, Marine  
  101  8:17  Missile Turret  
  101  8:19  Missile Turret  
  101  8:20  Missile Turret  
  101  8:36  Command Center  
  101  8:38  Missile Turret  
  101  8:39  Planetary Fortress  
  101  8:42  Missile Turret  
  101  8:44  Hi-Sec Auto Tracking  
  66  9:15  Marine  
  66  9:16  Marine, Marauder x2  
  68  9:19  Viking x2  
  68  9:21  SCV  
  73  9:24  SCV  
  74  9:33  SCV, Siege Tank, Marine  
  74  9:34  Siege Tank  
  74  9:36  SCV  
  84  9:45  SCV  
  84  9:48  SCV  
  84  9:51  Marine x2, Marauder x2  
  91  9:54  Viking x2  
  91  9:57  SCV  
  96  10:00  SCV x2  
  96  10:06  Siege Tank x2  
  104  10:09  SCV  
  104  10:12  SCV  
  106  10:22  Missile Turret  
  106  10:25  Marine  
  106  10:26  Marauder  
  109  10:30  Barracks x2  
  109  10:34  Barracks  
  109  10:35  Barracks  
  111  10:36  Marauder  
  111  10:41  Terran Infantry Weapons Level 2  
  111  10:48  Marauder  
  112  11:08  Marine x2, Marauder  
  112  11:09  Marauder  
  118  11:13  Siege Tank x2  
  117  11:35  Viking x2  
  117  11:39  Marine  
  122  11:40  Marine x3  
  129  11:53  Barracks Reactor x2, Barracks Tech Lab x2  
  125  11:59  Refinery, Planetary Fortress  
  125  12:00  Refinery  
  125  12:03  Missile Turret  
  125  12:05  Viking x2  
  129  12:09  Marauder  
  129  12:10  Marauder  
  129  12:13  SCV  
  129  12:14  SCV x2  
  136  12:24  Missile Turret  
  136  12:31  Marauder x2  
  136  12:36  Supply Depot  
  140  12:39  Supply Depot  
  140  12:40  Supply Depot x2  
  140  12:42  Viking, Marauder x2  
  140  12:43  Missile Turret  
  146  12:47  SCV  
  146  12:49  SCV  
  148  12:58  SCV x2  
  150  12:59  SCV, Marine  
  150  13:00  Marine, Marauder  
  150  13:01  SCV, Concussive Shells, Marauder  
  150  13:04  Marauder  
  148  13:10  SCV x2  
  148  13:12  SCV  
  147  13:13  SCV  
  126  13:22  SCV  
  126  13:24  SCV  
  107  13:29  Marauder x2  
  107  13:30  Marine x3, Marauder x2  
  89  13:36  SCV  
Show
View Real Time Build Order
Export as new Build Order

Duffman Terran 

Build Orders:  

Get SALT Encoding   

  12  0:00  SCV  
  13  0:12  SCV  
  14  0:18  Supply Depot  
  14  0:24  SCV  
  15  0:40  SCV  
  15  0:41  Barracks  
  16  0:46  Refinery  
  16  0:52  SCV  
  17  1:04  Barracks  
  17  1:06  SCV  
  18  1:15  Refinery  
  18  1:20  SCV  
  19  1:32  Supply Depot  
  19  1:33  Reaper  
  19  1:39  SCV  
  21  1:51  SCV  
  22  1:54  Bunker  
  22  1:56  Reaper  
  23  2:05  Reaper  
  25  2:32  SCV  
  24  3:00  Orbital Command  
  24  3:04  Command Center  
  22  3:08  Barracks Tech Lab  
  22  3:10  Barracks Reactor  
  22  3:11  Factory  
  22  3:18  Supply Depot  
  24  3:27  Marauder  
  24  3:28  Stimpack  
  24  3:32  SCV  
  25  3:44  SCV  
  25  3:46  Marine  
  25  3:47  Marine  
  28  4:00  Marauder  
  30  4:06  Barracks Reactor  
  30  4:09  Factory Tech Lab  
  30  4:16  Supply Depot  
  30  4:17  Orbital Command  
  30  4:20  SCV  
  31  4:27  Engineering Bay  
  31  4:34  SCV  
  31  4:35  Marine  
  33  4:44  Siege Tank  
  36  4:51  Orbital Command  
  36  4:53  Marauder  
  36  4:56  SCV, Bunker  
  39  5:02  Marine  
  40  5:16  SCV  
  40  5:17  SCV  
  42  5:24  Terran Infantry Weapons Level 1  
  42  5:29  SCV x2  
  42  5:31  Supply Depot  
  44  5:41  SCV x2  
  46  5:45  Siege Tank  
  46  5:47  Missile Turret  
  49  5:51  Missile Turret  
  49  5:53  SCV x2  
  49  5:55  Missile Turret  
  51  5:58  Marine  
  52  6:05  SCV x2, Barracks  
  52  6:07  Marine  
  52  6:08  Concussive Shells, Marauder  
  57  6:17  Starport, SCV x2  
  59  6:19  Refinery  
  59  6:21  Marine  
  59  6:22  Refinery  
  59  6:25  Supply Depot  
  60  6:28  Marine  
  60  6:29  SCV x2, Marauder  
  65  6:39  Marine  
  66  6:41  SCV  
  66  6:42  Siege Tank  
  66  6:46  Marine  
  71  6:47  Supply Depot  
  71  6:49  SCV  
  71  6:50  Supply Depot, Marine  
  73  6:55  Barracks Reactor  
  73  6:58  Starport Reactor  
  73  7:02  SCV  
  73  7:03  Starport  
  73  7:04  SCV  
  73  7:05  Marine  
  78  7:08  Marauder  
  78  7:14  SCV  
  79  7:21  Command Center  
  79  7:22  Marine  
  80  7:30  Factory  
  80  7:32  Marine  
  80  7:34  Marine  
  80  7:35  Marine x2  
  84  7:41  Supply Depot  
  84  7:43  Starport Reactor  
  84  7:52  SCV  
  84  7:53  SCV  
  84  7:54  Sensor Tower  
  84  7:56  Combat Shield  
  84  7:57  Marine  
  87  7:58  Terran Infantry Armor Level 1  
  87  8:02  Medivac  
  89  8:07  Marine  
  89  8:11  Supply Depot  
  90  8:14  Supply Depot  
  90  8:16  Missile Turret  
  90  8:17  SCV  
  91  8:23  Marine  
  91  8:24  Marauder  
  91  8:25  Factory Tech Lab  
  94  8:31  Barracks  
  94  8:33  SCV  
  95  8:38  Orbital Command  
  95  8:41  Medivac  
  95  8:45  Medivac  
  99  8:53  Marine  
  99  8:54  Marauder  
  92  8:58  Siege Tank  
  92  9:02  Marine  
  88  9:06  Marine  
  88  9:08  Marine  
  86  9:12  Viking  
  86  9:16  Marauder  
  90  9:23  SCV x2  
  92  9:25  Orbital Command  
  92  9:28  Siege Tank  
  92  9:30  Siege Tank  
  98  9:35  SCV  
  98  9:37  Medivac x2  
  98  9:38  Medivac  
  105  9:39  SCV  
  105  9:45  Supply Depot  
  106  9:48  Supply Depot  
  106  9:49  Barracks Reactor  
  106  9:55  Barracks  
  106  9:59  Medivac  
  108  10:07  Refinery  
  108  10:09  Viking  
  108  10:10  Refinery  
  108  10:13  Siege Tank  
  108  10:14  Siege Tank  
  116  10:19  Hi-Sec Auto Tracking  
  116  10:23  Engineering Bay, Supply Depot  
  116  10:24  Armory  
  116  10:26  Supply Depot  
  116  10:33  Marine x2  
  116  10:34  Marauder  
  120  10:50  Viking x2  
  120  10:51  Viking x2  
  120  10:55  Marauder  
  130  10:59  SCV x3  
  133  11:09  Marine  
  133  11:10  Command Center  
  133  11:11  SCV x3  
  127  11:16  Marauder  
  127  11:17  Marine  
  102  11:19  Marine x2  
  102  11:20  Viking x2  
  102  11:21  Marine, Viking x2  
  102  11:23  SCV x2  
  99  11:27  Marine  
  99  11:28  Marine  
  99  11:32  SCV  
  100  11:35  SCV x2  
  100  11:38  Marauder  
  100  11:39  Refinery  
  104  11:41  Marine x2  
  104  11:44  SCV  
  107  11:47  Supply Depot  
  107  11:50  Barracks Tech Lab, Viking  
  109  11:54  Factory  
  109  11:56  Siege Tank x2  
  109  11:58  Marine x2  
  109  11:59  Marauder  
  119  12:03  SCV  
  119  12:04  Barracks  
  119  12:05  SCV  
  119  12:06  SCV  
  122  12:15  SCV, Marine x2, Marauder  
  127  12:17  SCV  
  127  12:18  SCV  
  129  12:27  SCV, Orbital Command  
  129  12:29  SCV  
  131  12:30  SCV  
  131  12:35  Marine  
  131  12:36  Marauder  
  135  12:39  SCV  
  135  12:42  Ghost Academy  
  135  12:43  Viking x3  
  142  12:47  Marine  
  142  12:48  Marauder  
  145  12:52  Marine  
  145  12:53  Refinery, Marine  
  145  12:54  Refinery  
  145  12:55  SCV  
  145  12:56  Barracks Reactor  
  148  13:00  Factory Tech Lab, Siege Tank  
  148  13:03  Marine x2, Marauder  
  148  13:04  Marine  
  148  13:05  Marine  
  151  13:09  SCV, Marine  
  151  13:10  Marine x2  
  111  13:21  Marine x2  
  111  13:22  Marine  
  111  13:23  Marine  
  111  13:24  Marine  
  109  13:27  Marauder  
  109  13:28  Marine x2  
  109  13:32  Marine  
Tags
 
Add a new tag
Caveats
  • Supply blocks, unpowered buildings, or Contaminate may cause inaccurate times.
  • Supply counts are checked every 10 seconds.